 Dungeon Crawl Stone Soup version 0.26-a0-658-gbdda728c12 (webtiles) character file.

Game seed: 14688133294805026882

964 flotson the Magician (level 7, -3/49 HPs)
             Began as a Mummy Hedge Wizard on Oct 5, 2020.
             Slain by Blork the orc
             ... wielding a +0 halberd
              (9 damage)
             ... on level 5 of the Dungeon.
             The game lasted 00:23:44 (6920 turns).

flotson the Magician (Mummy Hedge Wizard)           Turns: 6920, Time: 00:23:45

Health: -3/49      AC:  7    Str: 13    XL:     7   Next: 93%
Magic:  10/17      EV: 13    Int: 16    God:
Gold:   266        SH:  0    Dex: 11    Spells: 15/20 levels left

rFire    x . .     SeeInvis .   b - +1 trident (protect)
rCold    + . .     Faith    .   (no shield)
rNeg     + + +     Spirit   .   n - +0 robe
rPois    ∞         Reflect  .   g - +0 helmet
rElec    .         Harm     .   s - +0 cloak
rCorr    .         Rampage  .   (no gloves)
MR       .....                  q - +2 pair of boots
Stlth    ++........             (no amulet)
HPRegen  0.16/turn              (no ring)
MPRegen  0.15/turn              (no ring)

@: no status effects
A: no potions, fire vulnerability, cold resistance 1, negative energy resistance
3, torment resistance, unbreathing
a: no special abilities


You were on level 5 of the Dungeon.
You visited 1 branch of the dungeon, and saw 5 of its levels.

You collected 266 gold pieces.

Inventory:

Hand Weapons
 a - a +0 dagger of venom
 b - a +1 trident of protection (weapon)
Missiles
 k - 12 poisoned darts (quivered)
Armour
 g - a +0 helmet (worn)
 m - a +0 tower shield
 n - a +0 robe (worn)
 q - a +2 pair of boots (worn)
 s - a +0 cloak (worn)
 t - a +1 leather armour of fire resistance
Wands
 p - a wand of paralysis (7)
 u - a wand of random effects (27)
Scrolls
 c - a scroll of amnesia {unknown}
 d - a scroll of teleportation {unknown}
 e - 3 scrolls of magic mapping {unknown}
 f - 2 scrolls of enchant weapon {unknown}
 h - 2 scrolls of immolation {unknown}
 i - 2 scrolls of identify {unknown}
 j - 3 scrolls of enchant armour {unknown}
 l - a scroll of fog {unknown}
 o - a scroll of random uselessness {unknown}
 r - a scroll of fear {unknown}


   Skills:
 + Level 1.9 Fighting
 + Level 1.2 Short Blades
 + Level 2.6 Polearms
 + Level 1.4 Throwing
 + Level 2.8 Dodging
 + Level 2.9 Stealth
 + Level 7.1 Spellcasting
 + Level 1.9 Conjurations
 + Level 2.7 Summonings
 + Level 0.7 Translocations


You had 15 spell levels left.
You knew the following spells:

 Your Spells              Type           Power        Failure   Level
a - Magic Dart            Conj           ##..         5%          1
b - Blink                 Tloc           N/A          14%         2
c - Call Imp              Summ           ##......     6%          2

Your spell library contained the following spells:

 Spells                   Type           Power        Failure   Level
 Slow                     Hex            #.......     19%         2
 Conjure Flame            Conj/Fire      #.......     26%         3
 Mephitic Cloud           Conj/Pois/Air  #.......     28%         3


Dungeon Overview and Level Annotations

Branches:
Dungeon (5/15)
 Temple: D:4-7

Altars:
Sif Muna

Shops:
D:5 =

Annotations:
D:4 Menkaure
D:5 Blork the orc


Innate Abilities, Weirdness & Mutations

You do not drink.
Your flesh is vulnerable to fire.
You are immune to poison.
Your flesh is cold resistant. (rC+)
You are immune to negative energy. (rN+++)
You are immune to unholy pain and torment.
You can survive without breathing.


Message History

Casting: Call Imp (safe; 6% risk of failure)
Confirm with . or Enter, or press ? or * to list all spells.
A beastly little devil appears in a puff of flame.
The hobgoblin zaps a wand.
The puff of flame hits you! The fire burns you terribly!
* * * LOW HITPOINT WARNING * * *
You swap places.
The hobgoblin closely misses your crimson imp.
Your crimson imp barely misses the hobgoblin.
Blork the orc casts a spell.
Blork the orc flickers and vanishes!
Deactivating autopickup; reactivate with Ctrl-A.
The hobgoblin misses your crimson imp.
Your crimson imp hits the hobgoblin.
The hobgoblin hits your crimson imp but does no damage.
The hobgoblin misses your crimson imp.
Your crimson imp hits the hobgoblin.
The hobgoblin dies!
A magic dart appears from out of thin air!
The magic dart hits your crimson imp. Something hits you!
You die...

...#.#.###..###..#≈≈≈≈(.#...#)#
...#.#.##...# #..#≈≈≈≈#######.#
...#...##.#.###..##≈≈..# #.#
...#..........##..#≈≈#.######5###
..............##..# ##..#........
..............##..# #..........
....)..<......##..# ###........
..............#...#######........
.)..............@.....55.........
...##############################
...# ####


You could see 2 friendly crimson imps.

Vanquished Creatures
  Grinder (D:3)
  An ogre (D:4)
  A big kobold (D:5)
  A howler monkey (D:5)
  A centaur zombie (D:5)
  An orc priest (D:5)
  4 worker ants (D:4)
  Robin (D:2)
  2 gnolls (D:3)
  5 adders
  An ufetubus (D:5)
  An adder zombie (D:5)
  2 adder skeletons (D:4)
  2 worms (D:3)
  A dart slug (D:5)
  2 leopard geckos
  14 orcs
  6 giant cockroaches
  10 hobgoblins
  12 jackals
  12 kobolds
  A ball python (D:3)
  3 bats
  7 frilled lizards
  13 goblins
  A leopard gecko zombie (D:5)
  6 rats
112 creatures vanquished.

Vanquished Creatures (collateral kills)
  Sigmund (D:3)
  An ogre (D:5)
  A big kobold (D:5)
  Jessica (D:1)
  Terence (D:1)
  An orc wizard (D:4)
  A worker ant (D:4)
  A gnoll (D:3)
  A worm (D:4)
  4 orcs (D:4)
  A goblin (D:2)
  2 hobgoblins (D:5)
  A quokka (D:4)
  2 kobolds (D:5)
19 creatures vanquished.

Grand Total: 131 creatures vanquished

Notes
Turn   | Place    | Note
-------+----------+-------------------------------------------
     0 | D:1      | flotson the Mummy Hedge Wizard began the quest for the Orb.
     0 | D:1      | Reached XP level 1. HP: 13/13 MP: 5/5
   619 | D:1      | Reached XP level 2. HP: 19/19 MP: 4/7
   631 | D:1      | Learned a level 2 spell: Blink
   634 | D:1      | Learned a level 2 spell: Call Imp
  1579 | D:1      | Reached skill level 5 in Spellcasting
  1579 | D:1      | Reached skill level 1 in Conjurations
  1579 | D:1      | Reached XP level 3. HP: 8/24 MP: 4/9
  1800 | D:2      | Noticed Terence
  1800 | D:2      | Noticed Jessica
  1957 | D:1      | HP: 1/25 [Terence/+0 flail (9)]
  2318 | D:1      | Killed Terence
  2557 | D:1      | Killed Jessica
  2557 | D:1      | Reached skill level 1 in Summonings
  2557 | D:1      | Reached XP level 4. HP: 26/31 MP: 6/11
  2903 | D:2      | Found a shimmering blue altar of Sif Muna.
  3232 | D:2      | Noticed Robin
  3305 | D:2      | Killed Robin
  3648 | D:3      | Reached XP level 5. HP: 27/36 MP: 5/13
  3746 | D:3      | Reached skill level 1 in Fighting
  4029 | D:3      | Noticed Grinder
  4111 | D:3      | Killed Grinder
  4111 | D:3      | Reached skill level 1 in Short Blades
  4111 | D:3      | Reached skill level 6 in Spellcasting
  4111 | D:3      | Reached XP level 6. HP: 23/43 MP: 0/15
  4466 | D:3      | Noticed Sigmund
  4476 | D:3      | Killed Sigmund
  5226 | D:4      | Noticed Menkaure
  5244 | D:4      | Reached skill level 1 in Throwing
  5244 | D:4      | Reached XP level 7. HP: 48/48 MP: 17/17
  5271 | D:4      | Reached skill level 1 in Polearms
  5578 | D:5      | Entered Level 5 of the Dungeon
  6512 | D:5      | Reached skill level 7 in Spellcasting
  6826 | D:5      | Noticed Blork the orc
  6885 | D:5      | Found Carintan's Jewellery Boutique.
  6920 | D:5      | Slain by Blork the orc

Illustrated notes

Levels and vault maps discovered:
D:1:      dpeg_arrival_oval, layout_loops_ring
D:2:      layout_rooms, overflow_temple_1_default, minmay_bisected,
          uniq_terence, uniq_robin, uniq_jessica
D:3:      layout_loops_cross, uniq_grinder, uniq_sigmund
D:4:      layout_cave_pools, uniq_menkaure
D:5:      cheibrodos_thug_alley, layout_rooms, serial_shops, shop,
          uniq_blork_the_orc

Skill      XL: |  1  2  3  4  5  6  7 |
---------------+----------------------+-----
Spellcasting   | 5 6 7 |  7.1
Conjurations   | 1 |  1.9
Stealth        | 2 |  2.9
Summonings     | 1 2 |  2.7
Dodging        | 2 |  2.8
Fighting       | 1 |  1.9
Short Blades   | 1 |  1.2
Throwing       | 1 |  1.4
Polearms       | 2 |  2.6
Translocations | |  0.7

Action                   |  1- 3 |  4- 6 |  7- 9 || total
-------------------------+-------+-------+-------++-------
Melee: Dagger            |    12 |    72 |       ||    84
       Short sword       |    32 |    38 |       ||    70
       Trident           |       |    54 |   159 ||   213
Throw: Dart              |       |    17 |    19 ||    36
 Cast: Magic Dart        |    64 |    80 |     7 ||   151
       Call Imp          |     7 |    21 |    13 ||    41
 Stab: Sleeping          |     1 |     3 |       ||     4
       Distracted        |       |     1 |     1 ||     2
Armor: Robe              |     9 |    38 |    63 ||   110
Dodge: Dodged            |    38 |   108 |   119 ||   265

Table legend: (Time is in decaauts)
 A = Elapsed time spent in this place.
 B = Non-inter-level travel time spent in this place.
 C = Inter-level travel time spent in this place.
 D = Time resting spent in this place.
 E = Time spent auto-exploring this place.
 F = Levels seen in this place.
 G = Mean time per level.
                   A        B        C        D        E       F      G
               +--------+--------+--------+--------+--------+-----+--------+
         Total |   6984 |   6743 |    241 |    895 |   3917 |   5 | 1396.8 |
       Dungeon |   6984 |   6743 |    241 |    895 |   3917 |   5 | 1396.8 |
               +--------+--------+--------+--------+--------+-----+--------+

Top non-repeatable levels by time:
     D:1: 2662 daAuts
     D:4: 1159 daAuts
     D:3: 1128 daAuts
     D:2: 1096 daAuts
     D:5: 937 daAuts
